 Dungeon Crawl Stone Soup version 0.30.0 (webtiles) character file.

Game seed: 4687626300037515560

1172 iskere the Grave Robber (level 8, -6/53 (56) HPs)
             Began as a Vampire Necromancer on Oct 2, 2023.
             Mangled by a wight
             ... wielding a +5 dagger
              (9 damage)
             ... on level 7 of the Dungeon on Oct 3, 2023.
             The game lasted 00:30:16 (2917 turns).

iskere the Grave Robber (Vampire Necromancer)       Turns: 2917, Time: 00:30:17

HP:   -6/53 (56)    AC:  3    Str:  7    XL:     8   Next: 18%
MP:   13/13         EV: 20    Int: 20    God:
Gold: 517           SH:  8    Dex: 14    Spells: 8/14 levels left

rFire   + . .        g - +4 rapier of Scorn {flame, rCorr}
rCold   + . .        y - +0 kite shield
rNeg    . . .        n - +1 robe {rC+ rF+}
rPois   .            (no helmet)
rElec   .            (no cloak)
rCorr   +            (no gloves)
SInv    +            (no boots)
Will    .....        (no amulet)
Stlth   +++          F - +5 ring of evasion
HPRegen 0.48/turn    u - +5 ring of evasion
MPRegen 0.13/turn

%: no passive effects
@: healing quickly, drained
A: alive, fangs 3, see invisible, vampiric 2
a: Exsanguinate


You were on level 7 of the Dungeon.
You visited 2 branches of the dungeon, and saw 8 of its levels.
You also visited: Ossuary.

You collected 517 gold pieces.

Inventory:

Hand Weapons
 f - a +0 short sword of draining
 g - the +4 rapier of Scorn (weapon) {flame, rCorr}
   (You found it on level 2 of the Dungeon)

   rCorr:     It protects you from acid and corrosion.
 A - a +0 giant spiked club
 B - a +0 war axe
Missiles
 e - 3 atropa-tipped darts
Armour
 a - a +0 robe
 d - a +0 buckler
 l - a +0 scale mail
 n - a +1 robe of resistance (worn)
 o - a +0 helmet
 y - a +0 kite shield (worn)
 z - a +0 scale mail
Jewellery
 q - a ring of protection from cold
 u - a +5 ring of evasion (right hand)
 F - a +5 ring of evasion (left hand)
Scrolls
 c - a scroll of enchant weapon {unknown}
 i - 6 scrolls of identify {unknown}
 j - a scroll of vulnerability {unknown}
 m - a scroll of immolation {unknown}
 p - a scroll of fog {unknown}
 r - a scroll of magic mapping {unknown}
 s - a scroll of enchant armour {unknown}
 v - a scroll of poison {unknown}
 C - a scroll of amnesia {unknown}
Potions
 b - 2 potions of magic
 h - 2 potions of heal wounds {unknown}
 k - 3 potions of brilliance {unknown}
 t - a potion of berserk rage {unknown}
 w - 2 potions of degeneration {unknown}
 x - a potion of curing {unknown}
 D - a potion of mutation {unknown}
 E - a potion of lignification {unknown}


   Skills:
 + Level 2.1 Fighting
 + Level 5.7 Short Blades
 + Level 0.6 Armour
 + Level 4.3 Dodging
 + Level 5.1 Stealth
 + Level 2.2 Shields
 + Level 0.8 Unarmed Combat
 + Level 3.8 Spellcasting
 + Level 6.1 Necromancy


You had 8 spell levels left.
You knew the following spells:

 Your Spells              Type           Power      Damage    Failure   Level
a - Necrotise             Necr           100%       1d9       8%          1
b - Apportation           Tloc           6%         N/A       67%         1
c - Vampiric Draining     Necr           28%        2d8       24%         3
d - Freeze                Ice            12%        1d3       67%         1

Your spell library contained the following spells:

 Spells                   Type           Power      Damage    Failure   Level
 Animate Dead             Necr           28%        N/A       61%         4
 Sandblast                Erth           6%         2d5       67%         1
 Summon Small Mammal      Summ           12%        N/A       67%         1
 Passwall                 Tmut/Erth      2%         N/A       82%         2
 Agony                    Necr           28%        N/A       91%         5
 Call Canine Familiar     Summ           3%         N/A       96%         3
 Frozen Ramparts          Ice            6%         1d1       96%         3
 Hailstorm                Conj/Ice       3%         3d3       96%         3
 Stone Arrow              Conj/Erth      6%         3d7       96%         3
 Summon Guardian Golem    Hex/Summ       3%         N/A       96%         3
 Volatile Blastmotes      Fire/Tloc      6%         2d10      96%         3
 Fulminant Prism          Conj/Hex       1%         3d5       100%        4
 Iskenderun's Mystic Bla  Conj/Tloc      3%         2d3       100%        4
 Lee's Rapid Deconstruct  Erth           1%         3d4*      100%        5


Dungeon Overview and Level Annotations

Branches:
Dungeon (7/15)             Temple (1/1) D:5         Ossuary (visited)

Altars:
Cheibriados
Hepliaklqana
Okawaru
Qazlal
Sif Muna
Trog
Vehumet
Wu Jian
Xom
Yredelemnul

Shops:
D:1 [


Innate Abilities, Weirdness & Mutations

Your natural rate of healing is accelerated.
You have razor-sharp teeth.
You have supernaturally acute eyesight. (SInv)
You are afflicted with vampirism and can become a bat while bloodless.


Message History

The wight hits you with a +4 short sword of freezing!
You hit the wight. You burn the wight.
The wight is moderately damaged.
You block the wight's attack. x2; The wight closely misses you. x2
You hit the wight. You burn the wight.
The wight is severely damaged.
The wight misses you.
The wight hits you with a +4 short sword of freezing!
The wight freezes you.
You hit the wight. You burn the wight.
You destroy the wight!
The wight hits you with a +5 dagger.
You feel drained.
You hit the wight but do no damage. The wight closely misses you.
You hit the wight but do no damage. You hit the wight. You burn the wight.
The wight is moderately damaged.
You block the wight's attack. x2
You closely miss the wight.
The wight is moderately damaged.
The wight hits you with a +5 dagger!
* * * LOW HITPOINT WARNING * * *
You closely miss the wight.
The wight is moderately damaged.
You block the wight's attack.
Casting: Necrotise (safe; 8% risk of failure)
Confirm with . or Enter, or press ? or * to list all spells.
You can't see any susceptible monsters within range! (Use Z to cast anyway.)
Casting: Necrotise (safe; 8% risk of failure)
Confirm with . or Enter, or press ? or * to list all spells.
You can't see any susceptible monsters within range! (Use Z to cast anyway.)
You closely miss the wight. Your bite misses the wight.
The wight is moderately damaged.
The wight hits you with a +5 dagger!
* * * LOW HITPOINT WARNING * * *
You feel drained.
* * * LOW HITPOINT WARNING * * *
You hit the wight but do no damage.
The wight is moderately damaged.
The wight hits you with a +5 dagger!
You die...

#.# ... # #.#
. #.#.# .#
.#.####..#
........#
######)z?....#
#....)@......#
#.#####......#
......?
##..... .....
#.#. .# #


You could see a wight.

Vanquished Creatures
  2 water moccasins
  A sky beast (D:6)
  An ice beast (D:5)
  2 ogres
  A phantom (D:6)
  An elf zombie (Ossuary)
  2 wights (D:7)
  A howler monkey (D:3)
  2 hounds (D:6)
  2 iguanas
  Terence (D:2)
  An orc wizard (D:4)
  2 mummies (Ossuary)
  6 adders
  2 white imps (D:6)
  A worm zombie (D:6)
  A worm (D:2)
  2 dart slugs (D:4)
  14 orcs
  4 endoplasms
  2 giant cockroaches (D:4)
  3 gnoll zombies
  3 goblins
  A hobgoblin (D:2)
  3 jackals (D:4)
  3 quokkas
  4 ball pythons
  2 bats (D:2)
  2 frilled lizards (D:2)
  3 goblin zombies (Ossuary)
  3 hobgoblin zombies (Ossuary)
  8 kobolds
  5 orc zombies (Ossuary)
  2 rats (D:1)
  A rat zombie (D:6)
94 creatures vanquished.

Notes
Turn   | Place    | Note
-------+----------+-------------------------------------------
     0 | D:1      | iskere the Vampire Necromancer began the quest for the Orb.
     0 | D:1      | Reached XP level 1. HP: 13/13 MP: 3/3
    21 | D:1      | Found Opebruf's Armour Shop.
   105 | D:1      | You fall into a shaft and drop 1 floor!
   155 | D:2      | Reached XP level 2. HP: 16/19 MP: 5/5
   166 | D:2      | Identified the +4 rapier of Scorn {flame, rCorr}
   284 | D:2      | Gained mutation: You are afflicted with vampirism and can
                  | become a bat while bloodless. [Vampire growth]
   284 | D:2      | Reached XP level 3. HP: 24/24 MP: 1/6
   296 | D:2      | Noticed Terence
   311 | D:2      | Killed Terence
   312 | D:2      | Reached skill level 5 in Necromancy
   638 | D:3      | Reached skill level 1 in Short Blades
   685 | D:3      | Found a snail-covered altar of Cheibriados.
   887 | D:3      | Reached XP level 4. HP: 18/31 MP: 4/7
   938 | D:3      | Learned a level 1 spell: Apportation
   942 | D:3      | Learned a level 3 spell: Vampiric Draining
  1086 | D:4      | Noticed an ogre
  1090 | D:4      | Killed an ogre
  1091 | D:4      | Reached skill level 1 in Fighting
  1091 | D:4      | Reached XP level 5. HP: 13/37 MP: 3/9
  1306 | D:4      | Reached XP level 6. HP: 43/43 MP: 6/10
  1532 | D:5      | Entered Level 5 of the Dungeon
  1534 | D:5      | Noticed a water moccasin
  1584 | D:5      | Killed a water moccasin
  1597 | D:5      | Reached skill level 1 in Shields
  1682 | D:5      | Found a staircase to the Ecumenical Temple.
  1694 | Temple   | Entered the Ecumenical Temple
  1743 | D:5      | Learned a level 1 spell: Freeze
  1870 | D:5      | Found a stormy altar of Qazlal.
  2186 | D:5      | Noticed an ice beast
  2197 | D:5      | Killed an ice beast
  2198 | D:5      | Reached XP level 7. HP: 36/44 MP: 6/12
  2299 | D:6      | Reached skill level 6 in Necromancy
  2441 | D:6      | Found a sand-covered staircase.
  2466 | Ossuary  | Entered an ossuary
  2731 | D:6      | Reached skill level 5 in Short Blades
  2738 | D:6      | Reached XP level 8. HP: 37/56 MP: 13/13
  2901 | D:6      | Reached skill level 5 in Stealth
  2916 | D:7      | HP: 2/53 [wight/+5 dagger (1)]
  2917 | D:7      | Mangled by a wight

Illustrated notes

Levels and vault maps discovered:
D:1:      tarquinn_simple_flora_water_b, layout_rooms,
          hellmonk_ecumenical_altar_zigzags, serial_shops, shop
D:2:      layout_basic, uniq_terence
D:3:      layout_rooms, mainiacjoe_overflow_alcove_2, grunt_ministairs_9,
          serial_bayou_ford_a, nicolae_eternal_life, serial_bayou_pond_e
D:4:      layout_loops_ring, grunt_ministairs_5, minmay_liquid_box,
          nicolae_half_adder
D:5:      layout_cave_pods, grunt_qazlal_clouds, minmay_temple_entry_wispy,
          serial_column_ruins, column_ruins_circle_medium,
          column_ruins_open_small, column_ruins_corridor_straight,
          column_ruins_grid_1, column_ruins_open_small_water,
          column_ruins_corridor_plus, hangedman_decor_push
D:6:      layout_loops_ring, dreamdust_divine_triumvirate,
          dancing_weapons_uskayaw, serial_glass, glass_columns_b,
          glass_columns_b, glass_columns_a, glass_columns_b, glass_columns_b,
          glass_columns_a, enter_ossuary_3
D:7:      layout_basic, kennysheep_little_box, mainiacjoe_overflow_boulevard,
          st_stairs_1, corner_web_ring, uniq_crazy_yiuf_cottage
Temple:   hellmonk_temple_two_chambers

Skill      XL: |  1  2  3  4  5  6  7  8 |
---------------+-------------------------+-----
Necromancy     | 5 6 |  6.1
Short Blades   | 1 2 4 5 |  5.7
Fighting       | 1 2 |  2.1
Stealth        | 4 5 |  5.1
Dodging        | 3 4 |  4.3
Spellcasting   | 3 |  3.8
Shields        | 1 2 |  2.2
Armour         | |  0.6
Unarmed Combat | |  0.8

Action                     |  1- 3 |  4- 6 |  7- 9 || total
---------------------------+-------+-------+-------++-------
  Melee: Unarmed           |    21 |     3 |       ||    24
         Bite              |     8 |     9 |    19 ||    36
         Short sword       |     4 |       |       ||     4
         Rapier            |    40 |    85 |   126 ||   251
   Cast: Necrotise         |    10 |    15 |     6 ||    31
         Vampiric Draining |       |     1 |       ||     1
Ability: Bat Form          |       |     1 |       ||     1
         Exsanguinate      |       |     1 |       ||     1
         Revivify          |       |     1 |       ||     1
   Stab: Sleeping          |     2 |     2 |     2 ||     6
 Armour: Robe              |     8 |    19 |     8 ||    35
         Scale mail        |     1 |       |       ||     1
  Dodge: Dodged            |    36 |    60 |    77 ||   173
  Block: Buckler           |     9 |    12 |       ||    21
         Kite shield       |       |    14 |    50 ||    64
